 Dungeon Crawl Stone Soup version 0.31-a0-986-g5e6e4ef867 (webtiles) character file.

Game seed: 3292345455516397736

56 wildpjah the Trooper (level 3, -3/29 (30) HPs)
             Began as a Demonspawn Fighter on Nov 22, 2023.
             Was a Follower of Qazlal.
             Slain by Crazy Yiuf
             ... wielding a +3 quarterstaff of chaos
              (13 damage)
             ... on level 2 of the Dungeon.
             The game lasted 00:03:04 (1722 turns).

wildpjah the Trooper (Demonspawn Fighter)           Turns: 1722, Time: 00:03:04

HP:   -3/29 (30)    AC:  7    Str: 16    XL:     3   Next: 69%
MP:   3/3           EV: 14    Int:  9    God:    Qazlal [*.....]
Gold: 58            SH:  7    Dex: 20    Spells: 2/2 levels left

rFire   . . .        a - +0 long sword
rCold   . . .        c - +0 buckler
rNeg    . . .        b - +0 scale mail
rPois   .            (no helmet)
rElec   .            (no cloak)
rCorr   .            (no gloves)
SInv    .            (no boots)
Will    .....        (no amulet) Stlth
                     t - +6 ring of dexterity
HPRegen 0.24/turn    j - +5 ring of evasion
MPRegen 0.08/turn

%: no passive effects
@: lightly drained
A: demonic guardian 1, sharp scales 1
a: Renounce Religion


You were on level 2 of the Dungeon.
You worshipped Qazlal.
Qazlal was aware of your devotion.
You visited 1 branch of the dungeon, and saw 2 of its levels.

You collected 58 gold pieces.

Inventory:

Hand Weapons
 a - a +0 long sword (weapon)
Armour
 b - a +0 scale mail (worn)
 c - a +0 buckler (worn)
Jewellery
 j - a +5 ring of evasion (right hand)
 p - a ring of willpower
 t - a +6 ring of dexterity (left hand)
Scrolls
 f - a scroll of immolation {unknown}
 h - a scroll of noise {unknown}
 k - a scroll of enchant weapon {unknown}
 l - a scroll of identify {unknown}
 n - a scroll of fog {unknown}
 o - a scroll of blinking {unknown}
 q - a scroll of teleportation {unknown}
 r - a scroll of revelation {unknown}
 u - a scroll of silence {unknown}
Potions
 d - a potion of might
 e - a potion of heal wounds {unknown}
 g - a potion of degeneration {unknown}
 i - a potion of enlightenment {unknown}
 m - a potion of resistance {unknown}
 s - a potion of magic {unknown}


   Skills:
 + Level 3.6 Fighting
 + Level 2.2 Long Blades
 + Level 3.0 Armour
 + Level 0.4 Dodging
 + Level 3.1 Shields


You had 2 spell levels left.
You didn't know any spells.
Your spell library was empty.

Dungeon Overview and Level Annotations

Branches:
Dungeon (2/15)

Altars:
Qazlal

Annotations:
D:2 Crazy Yiuf


Innate Abilities, Weirdness & Mutations

A weak demonic guardian rushes to your aid.
You are partially covered in razor-sharp scales. (AC +1, Slay +1)


Message History

You see here the +0 whip of Iwnanoi {freeze, Fly Dex+3 SInv}.
A rat comes into view.
You see here a +0 scale mail.
The rat twitches its whiskers.
You block the rat's attack.
You hit the rat.
You kill the rat!
Qazlal accepts your kill.
You see here a +0 scale mail.
You see here the +0 whip of Iwnanoi {freeze, Fly Dex+3 SInv}.
There is an open door here.
There is an open door here.
You see here a +0 sling.
There is an open door here.
Crazy Yiuf shouts!
No quiver actions available for cycling.
Use [Q] to select from all actions.
No quiver actions available for cycling.
Use [Q] to select from all actions.
Unknown command.
You open the door. You barely miss Crazy Yiuf. Crazy Yiuf barely misses you.
You hit Crazy Yiuf.
Crazy Yiuf is lightly wounded.
Crazy Yiuf closely misses you.
You hit Crazy Yiuf.
Crazy Yiuf is moderately wounded.
Crazy Yiuf hits you with a +3 quarterstaff of chaos.
You feel drained.
Crazy Yiuf hits you with a +3 quarterstaff of chaos!
Crazy Yiuf freezes you.
You closely miss Crazy Yiuf.
Crazy Yiuf is moderately wounded.
Crazy Yiuf hits you with a +3 quarterstaff of chaos.
Crazy Yiuf freezes you.
You barely miss Crazy Yiuf.
Crazy Yiuf is moderately wounded.
Crazy Yiuf barely misses you. Crazy Yiuf closely misses you.
You slash Crazy Yiuf!
Crazy Yiuf is severely wounded.
Crazy Yiuf hits you with a +3 quarterstaff of chaos!
You die...

#....###....# #....# ####.#
♣.P.P♣ #.# ♣♣P..♣ #.# ♣♣.♣♣ #.#
♣♣.♣ #.# ♣.♣♣ #.# ############
♣♣.♣ #.# .)..[......# ♣@♣♣ #.#
##########.# #g# #.# # ### ...
#.### ## #...# #.#<##### .##
#)..# ####........ ..# #####
#......##### #.# #####......#
#.## ####### ### #......#
#..########.....###.######......#


You could see Crazy Yiuf.

Vanquished Creatures
  A gnoll (D:1)
  A worm (D:2)
  2 dart slugs
  5 ball pythons
  3 endoplasms
  2 giant cockroaches
  A goblin (D:1)
  6 hobgoblins
  5 jackals
  3 bats
  3 frilled lizards
  3 kobolds (D:2)
  2 rats (D:2)
37 creatures vanquished.

Notes
Turn   | Place    | Note
-------+----------+-------------------------------------------
     0 | D:1      | wildpjah the Demonspawn Fighter began the quest for the
                  | Orb.
     0 | D:1      | Reached XP level 1. HP: 18/18 MP: 1/1
   270 | D:1      | Gained mutation: You are partially covered in razor-sharp
                  | scales. (AC +1, Slay +1) [demonic ancestry]
   270 | D:1      | Reached XP level 2. HP: 13/24 MP: 2/2
   870 | D:2      | Gained mutation: A weak demonic guardian rushes to your
                  | aid. [demonic ancestry]
   870 | D:2      | Reached XP level 3. HP: 29/29 MP: 3/3
  1249 | D:2      | Found a faded altar of an unknown god.
  1262 | D:2      | Prayed at the altar of an unknown god.
  1262 | D:2      | Became a worshipper of Qazlal Stormbringer
  1262 | D:2      | Reached * piety under Qazlal
  1519 | D:2      | Found a runed translucent door.
  1520 | D:2      | Noticed Crazy Yiuf
  1629 | D:2      | Identified the +0 whip of Iwnanoi {freeze, Fly Dex+3 SInv}
  1722 | D:2      | Slain by Crazy Yiuf

Illustrated notes

Levels and vault maps discovered:
D:1:      matt_arrival_spirals, layout_loops_ring, nicolae_eternal_life,
          corner_web_ring
D:2:      layout_basic, dreamdust_ecumenical_altar_angels_and_demons,
          uniq_crazy_yiuf_cottage

Skill      XL: |  1  2  3 |
---------------+----------+-----
Long Blades    | 2 |  2.2
Shields        | 3 |  3.1
Armour         | 3 |  3.0
Fighting       | |  3.6
Dodging        | |  0.4

Action                     || total
---------------------------++-------
  Melee: Long sword        ||   119
 Armour: Scale mail        ||    74
  Dodge: Dodged            ||    74
  Block: Buckler           ||    32

Table legend: (Time is in decaauts)
 A = Elapsed time spent in this place.
 B = Non-inter-level travel time spent in this place.
 C = Inter-level travel time spent in this place.
 D = Time resting spent in this place.
 E = Time spent auto-exploring this place.
 F = Levels seen in this place.
 G = Mean time per level.
                   A        B        C        D        E       F      G
               +--------+--------+--------+--------+--------+-----+--------+
         Total |   1759 |   1743 |     16 |      0 |   1426 |   2 |  879.5 |
       Dungeon |   1759 |   1743 |     16 |      0 |   1426 |   2 |  879.5 |
               +--------+--------+--------+--------+--------+-----+--------+

Top non-repeatable levels by time:
     D:2: 881 daAuts
     D:1: 877 daAuts
